 Dungeon Crawl Stone Soup version 0.32-a0-576-g706899e69d (webtiles) character file.

Game seed: 10090052587063308708

206 backslashecho the Chopper (level 5, -3/42 HPs)
             Began as a Coglin Berserker on Mar 1, 2024.
             Was a Believer of Trog.
             Slain by a gnoll
             ... wielding a +0 spear
              (6 damage)
             ... on level 2 of the Dungeon.
             The game lasted 00:02:22 (1392 turns).

backslashecho the Chopper (Coglin Berserker)        Turns: 1392, Time: 00:02:23

Health: -3/42      AC:  9    Str: 19    XL:     5   Next: 84%
Magic:  5/5        EV:  8    Int:  6    God:    Trog [**....]
Gold:   63         SH:  0    Dex: 14    Spells: 4/4 levels left

rFire   . . .        a - +0 hand axe {Sieglinde}
rCold   . . .        c - +1 dagger (elec) {Gaius}
rNeg    . . .        k - +0 chain mail
rPois   .            d - +0 helmet
rElec   .            (no cloak)
rCorr   .            (no gloves)
SInv    .            (no boots)
Will    .....        (amulet unavailable) Stlth
                     (ring unavailable)
HPRegen 0.27/turn    (ring unavailable)
MPRegen 0.09/turn    (no gizmo)

%: no passive effects
@: on berserk cooldown, revving
A: off-hand wielding, slow wielding, warmup strikes, no jewellery
a: Invent Gizmo, Renounce Religion, Berserk, Trog's Hand


You were on level 2 of the Dungeon.
You worshipped Trog.
Trog was pleased with you.
You visited 1 branch of the dungeon, and saw 3 of its levels.

You collected 63 gold pieces.

Inventory:

Hand Weapons
 a - a +0 hand axe (weapon) {Sieglinde}
 c - a +1 dagger of electrocution (offhand) {Gaius}
Armour
 d - a +0 helmet (worn)
 k - a +0 chain mail (worn)
Scrolls
 b - a scroll of torment {unknown}
 e - a scroll of amnesia {unknown}
 g - a scroll of revelation {unknown}
 l - a scroll of identify {unknown}
 m - a scroll of enchant weapon {unknown}
Potions
 h - a potion of brilliance {unknown}
 i - a potion of might {unknown}
 j - a potion of enlightenment {unknown}
 n - a potion of lignification {unknown}


   Skills:
 + Level 3.9 Fighting
 - Level 2.0 Short Blades
 * Level 4.9 Axes
 - Level 2.0 Armour
 - Level 2.0 Dodging


You had 4 spell levels left.
You didn't know any spells.
Your spell library was empty.

Dungeon Overview and Level Annotations

Branches:
Dungeon (3/15)

Altars:
Gozag

Shops:
D:2 :


Innate Abilities, Weirdness & Mutations

You can wield a second weapon in your off-hand.
It takes a long time for you to wield or remove held weapons.
Your first few attacks do less damage.
You cannot equip rings or amulets.


Message History

The gnoll hits you but does no damage.
Health restored: 42 You hit the gnoll with your +1 dagger of electrocution.
The gnoll is heavily wounded.
You hit the gnoll but do no damage.
You feel the effects of Trog's Hand fading.
The gnoll hits you with a +0 spear. The gnoll barely misses you.
The gnoll hits you from afar with a +0 halberd.
You take 7 damage, and have 35/42 hp.
You closely miss the gnoll with your +0 hand axe.
The gnoll is heavily wounded.
You barely miss the gnoll with your +1 dagger of electrocution.
The gnoll hits you with a +0 spear. The gnoll closely misses you.
You take 2 damage, and have 33/42 hp.
You barely miss the gnoll with your +1 dagger of electrocution.
The gnoll is heavily wounded.
You hit the gnoll with your +0 hand axe.
The gnoll barely misses you. x2
You regained 2 hp, and now have 35/42 hp.
You barely miss the gnoll with your +1 dagger of electrocution.
The gnoll is severely wounded.
You closely miss the gnoll with your +0 hand axe. x2
Your skin stops crawling.
You feel less strong-willed. The gnoll barely misses you.
The gnoll hits you with a +0 spear.
The gnoll hits you from afar with a +0 halberd!
The gnoll barely misses you. The gnoll hits you with a +0 whip.
The gnoll hits you from afar with a +0 halberd!
You take 22 damage, and have 13/42 hp.
MASSIVE DAMAGE!!
You barely miss the gnoll with your +0 hand axe.
The gnoll is severely wounded.
You hit the gnoll but do no damage. x2; The gnoll barely misses you.
The gnoll hits you but does no damage.
The gnoll hits you from afar with a +0 halberd.
* * * LOW HITPOINT WARNING * * *
You take 4 damage, and have 9/42 hp.
The gnoll closely misses you.
The gnoll hits you from afar with a +0 halberd!
* * * LOW HITPOINT WARNING * * *
The gnoll barely misses you.
You take 7 damage, and have 2/42 hp.
It was a potion of cancellation.
Your magical effects are unravelling.
You feel magically purged.
You feel yourself speed up. The gnoll closely misses you.
The gnoll hits you but does no damage. The gnoll completely misses you.
The gnoll hits you but does no damage.
Okay, then.
The gnoll attacks as it pursues you!
The gnoll hits you from afar with a +0 spear.
You die...

# ##.# ###### ..#. #....#
.###..### #....#
........# #....####
#.....#†#########........
.....#.)@..........⌠...⌠.
......g.#............∩...
#.##..#g#..........⌠...⌠.
#.#g.#.####...........
......#.# #.......##..
.........# ##########..
#......#### #.. .......
#.. ..#...# ###


You could see 3 gnolls.

Vanquished Creatures
  Sigmund (D:2)
  3 bats
  7 endoplasms
  2 giant cockroaches (D:1)
  3 goblins
  4 hobgoblins
  5 jackals (D:2)
  4 kobolds
  2 ball pythons
  2 frilled lizards (D:1)
  5 rats (D:1)
38 creatures vanquished.

Notes
Turn   | Place    | Note
-------+----------+-------------------------------------------
     0 | D:1      | backslashecho the Coglin Berserker began the quest for the
                  | Orb.
     0 | D:1      | Reached XP level 1. HP: 18/18 MP: 1/1
   105 | D:1      | Reached XP level 2. HP: 12/24 MP: 2/2
   450 | D:1      | Reached skill level 1 in Short Blades
   501 | D:1      | Reached XP level 3. HP: 25/29 MP: 3/3
  1068 | D:2      | Found an opulent altar of Gozag.
  1155 | D:2      | Found a faded altar of an unknown god.
  1162 | D:2      | Reached ** piety under Trog
  1238 | D:2      | You fall into a shaft and drop 1 floor!
  1348 | D:2      | Found Ohebol's Vocational Training.
  1371 | D:2      | Noticed Sigmund
  1376 | D:2      | Killed Sigmund
  1377 | D:2      | Reached skill level 4 in Axes
  1377 | D:2      | Reached XP level 4. HP: 37/37 MP: 4/4
  1377 | D:2      | Reached XP level 5. HP: 42/42 MP: 5/5
  1390 | D:2      | HP: 2/42 [gnoll/+0 halberd (7)]
  1392 | D:2      | Slain by a gnoll

Illustrated notes

Levels and vault maps discovered:
D:1:      lemuel_arrival_rhombus, layout_loops_cross, minmay_ruptured
D:2:      layout_basic, ebering_ecumenical_altar_mist, basic_altar,
          hangedman_abyss_or_decor_lesser_grid, nicolae_shop_vocational,
          uniq_sigmund, uniq_natasha
D:3:      layout_rooms, chequers_serial_rivers_room_b, wad_rectangle_vault,
          uniq_jessica

Skill      XL: |  1  2  3 |
---------------+----------+-----
Armour         | 2 |  2.0
Short Blades   | 1 2 |  2.0
Dodging        | 2 |  2.0
Axes           | 4 |  4.9
Fighting       | |  3.9

Action                     |  1- 3 |  4- 6 || total
---------------------------+-------+-------++-------
  Melee: Dagger            |    53 |    10 ||    63
         Hand axe          |    50 |    11 ||    61
 Invoke: Berserk           |     1 |       ||     1
         Trog's Hand       |     1 |       ||     1
    Use: Potion            |       |     1 ||     1
   Stab: Sleeping          |     2 |       ||     2
 Armour: Animal skin       |    24 |       ||    24
         Chain mail        |    15 |    17 ||    32
  Dodge: Dodged            |    39 |    13 ||    52

Table legend: (Time is in decaauts)
 A = Elapsed time spent in this place.
 B = Non-inter-level travel time spent in this place.
 C = Inter-level travel time spent in this place.
 D = Time resting spent in this place.
 E = Time spent auto-exploring this place.
 F = Levels seen in this place.
 G = Mean time per level.
                   A        B        C        D        E       F      G
               +--------+--------+--------+--------+--------+-----+--------+
         Total |   1394 |   1266 |    128 |     20 |   1034 |   3 |  464.7 |
       Dungeon |   1394 |   1266 |    128 |     20 |   1034 |   3 |  464.7 |
               +--------+--------+--------+--------+--------+-----+--------+

Top non-repeatable levels by time:
     D:1: 1068 daAuts
     D:2: 304 daAuts
     D:3: 21 daAuts
